 Dungeon Crawl Stone Soup version 0.27-a0-92-g39ad13b146 (webtiles) character file.

Game seed: 7554138468817341967

20 dickylongcocking the Conjurer (level 3, -5/24 HPs)
             Began as a Human Conjurer on Jan 16, 2021.
             Slain by a hobgoblin
             ... wielding a +0 club
              (7 damage)
             ... on level 1 of the Dungeon.
             The game lasted 00:01:25 (675 turns).

dickylongcocking the Conjurer (Human Conjurer)       Turns: 675, Time: 00:01:25

Health: -5/24      AC:  2    Str:  7    XL:     3   Next: 0%
Magic:  0/6        EV: 12    Int: 19    God:
Gold:   29         SH:  0    Dex: 11    Spells: 5/6 levels left

rFire    . . .     SeeInvis .   b - +0 spear
rCold    . . .     Faith    .   (no shield)
rNeg     . . .     Spirit   .   a - +0 robe
rPois    .         Reflect  .   (no helmet)
rElec    .         Harm     .   (no cloak)
rCorr    .         Rampage  .   (no gloves)
Will     .....                  (no boots)
Stlth    ++........             (no amulet)
HPRegen  0.08/turn              c - ring of wizardry
MPRegen  0.10/turn              (no ring)

@: no status effects
A: no striking features
a: no special abilities


You were on level 1 of the Dungeon.
You visited 1 branch of the dungeon, and saw 1 of its levels.

You collected 29 gold pieces.

Inventory:

Hand Weapons
 b - a +0 spear (weapon)
Armour
 a - a +0 robe (worn)
Jewellery
 c - a ring of wizardry (left hand)
Scrolls
 d - a scroll of remove curse {unknown}


   Skills:
 + Level 0.1 Polearms
 + Level 2.2 Dodging
 + Level 2.0 Stealth
 + Level 2.2 Spellcasting
 + Level 4.5 Conjurations


You had 5 spell levels left.
You knew the following spells:

 Your Spells              Type           Power        Failure   Level
a - Magic Dart            Conj           76%          1%          1

Your spell library contained the following spells:

 Spells                   Type           Power        Failure   Level
 Searing Ray              Conj           38%          1%          2
 Dazzling Flash           Conj/Hex       20%          9%          3
 Fulminant Prism          Conj/Hex       5%           26%         4
 Iskenderun's Mystic Bla  Conj/Tloc      10%          26%         4


Dungeon Overview and Level Annotations

Branches:
Dungeon (1/15)

Altars:


Message History

You don't have enough magic to cast that spell.
Unknown command.
You hit the bat but do no damage.
The bat is moderately wounded.
The bat barely misses you.
You hit the hobgoblin.
The hobgoblin is heavily wounded.
The bat barely misses you. The bat misses you. The bat closely misses you.
You hit the hobgoblin.
The hobgoblin is severely wounded.
The bat completely misses you. The hobgoblin hits you.
* * * LOW HITPOINT WARNING * * *
The hobgoblin hits you with a +0 club.
* * * LOW HITPOINT WARNING * * *
You hit the hobgoblin but do no damage.
The hobgoblin is severely wounded.
The bat hits you but does no damage. x2
The hobgoblin hits you but does no damage.
The hobgoblin hits you with a +0 club!
You die...

) #....... #...
#. #......#...#.
#.# #...#.......
#..##b#...g.....
#..)#.?....###..
..b...?#.#.#####
#.#######.##
#g#########
#######@g.......#
.......b#######.#
#######.# #.# #.#
#)# #.# #)# #.#
#.# ..# #รท# #.#
#.# #.# #.#


You could see 2 hobgoblins and a bat.

Vanquished Creatures
  A dart slug (D:1)
  A leopard gecko (D:1)
  4 goblins (D:1)
  A hobgoblin (D:1)
  2 kobolds (D:1)
  2 bats (D:1)
  6 rats (D:1)
17 creatures vanquished.

Notes
Turn   | Place    | Note
-------+----------+-------------------------------------------
     0 | D:1      | dickylongcocking the Human Conjurer began the quest for the
                  | Orb.
     0 | D:1      | Reached XP level 1. HP: 13/13 MP: 3/3
   238 | D:1      | Reached XP level 2. HP: 16/19 MP: 0/5
   671 | D:1      | Reached XP level 3. HP: 7/24 MP: 1/6
   675 | D:1      | Slain by a hobgoblin

Illustrated notes

Levels and vault maps discovered:
D:1:      dpeg_arrival_renting, layout_loops_ring, minmay_misc_feat_diagonals,
          minmay_misc_feat_more_columns, minmay_nonomino_d4

Action                   || total
-------------------------++-------
Melee: Spear             ||    38
 Cast: Magic Dart        ||    26
Armor: Robe              ||    16
Dodge: Dodged            ||    42

Table legend: (Time is in decaauts)
 A = Elapsed time spent in this place.
 B = Non-inter-level travel time spent in this place.
 C = Inter-level travel time spent in this place.
 D = Time resting spent in this place.
 E = Time spent auto-exploring this place.
 F = Levels seen in this place.
 G = Mean time per level.
                   A        B        C        D        E       F      G
               +--------+--------+--------+--------+--------+-----+--------+
         Total |    677 |    677 |      0 |      0 |    552 |   1 |  677.0 |
       Dungeon |    677 |    677 |      0 |      0 |    552 |   1 |  677.0 |
               +--------+--------+--------+--------+--------+-----+--------+

Top non-repeatable levels by time:
     D:1: 677 daAuts
